Map: Tempio ghiacciato

Players

SMILE

  • Race: Zerg Zerg
  • League: Gold

Jhyrachy - Winner!

  • Race: Zerg Zerg
  • League: Gold

VOD

Have the link to the VOD?

Description

Time

  • Played on: May 25, 2016, 4:05 p.m.
  • Length: 5:01
Show
View Real Time Build Order
Export as new Build Order

SMILE Zerg 

Build Orders: Hatch First 

Get SALT Encoding   

  12  0:01  Drone  
  13  0:12  Overlord  
  13  0:21  Drone  
  13  0:24  Extractor, Drone  
  15  0:39  Drone  
  16  0:55  Hatchery  
  15  1:02  Extractor  
  14  1:11  Spawning Pool  
  14  1:14  Drone  
  14  1:18  Drone  
  14  1:22  Drone  
  16  1:26  Drone  
  17  1:36  Drone  
  18  1:51  Drone  
  19  1:58  Queen  
  21  2:06  Queen  
  23  2:09  Drone  
  23  2:12  Metabolic Boost  
  24  2:26  Spine Crawler  
  24  2:29  Zergling x4  
  25  2:35  Zergling x4  
  25  2:36  Zergling x2  
  28  2:41  Baneling Nest  
  24  2:55  Zergling x2  
  24  2:56  Zergling x4  
  26  3:04  Overlord  
  26  3:15  Extractor  
  26  3:19  Overlord x2  
  23  3:25  Baneling x2  
  19  3:43  Zergling x12  
  17  4:09  Queen  
  9  4:19  Spine Crawler  
Show
View Real Time Build Order
Export as new Build Order

Jhyrachy Zerg - Winner!

Build Orders: Pool Only 

Get SALT Encoding   

  12  0:02  Drone  
  13  0:25  Spawning Pool  
  13  0:27  Drone  
  13  0:34  Extractor  
  13  0:35  Drone  
  13  0:45  Overlord  
  13  0:49  Drone  
  14  1:04  Drone x2  
  16  1:12  Queen  
  16  1:16  Drone  
  19  1:29  Zergling x2  
  20  1:33  Overlord  
  20  1:43  Zergling x2  
  21  1:48  Metabolic Boost  
  21  2:05  Zergling x4  
  23  2:15  Zergling x2  
  24  2:34  Zergling x8  
  27  2:51  Zergling x2  
  28  3:00  Evolution Chamber  
  25  3:13  Zergling x2  
  25  3:14  Zergling x6  
  29  3:30  Overlord  
  24  3:54  Zergling x2  
  24  3:55  Zergling x8  
  27  4:05  Spine Crawler  
  24  4:11  Spine Crawler  
  22  4:17  Zergling x2  
  22  4:18  Zergling x2, Queen  
  23  4:32  Zergling x8  
Tags
 
Add a new tag
Caveats
  • Supply blocks, unpowered buildings, or Contaminate may cause inaccurate times.
  • Supply counts are checked every 10 seconds.